 Dungeon Crawl Stone Soup version 0.30-a0-919-g9323dee000 (webtiles) character file.

Game seed: 16585857838918178971

219 Conn the Firebug (level 5, 0/33 HPs)
             Began as an Octopode Fire Elementalist on Mar 19, 2023.
             Hit by a stone thrown by a kobold (2 damage)
             ... on level 4 of the Dungeon on Mar 21, 2023.
             The game lasted 00:07:29 (2581 turns).

Conn the Firebug (Octopode Fire Elementalist)       Turns: 2581, Time: 00:07:29

Health: 0/33       AC:  1    Str:  7    XL:     5   Next: 96%
Magic:  1/9        EV: 13    Int: 20    God:
Gold:   18         SH:  0    Dex: 12    Spells: 4/10 levels left

rFire   . . .      SeeInvis .    f - +0 dagger
rCold   . . .      Faith    .    (no shield)
rNeg    . . .      Spirit   .    (helmet restricted)
rPois   .          Reflect  .    (no amulet)
rElec   .          Rampage  .    (no ring)
rCorr   .                        (no ring)
Will    .....                    (no ring)
Stlth   +++                      (no ring)
HPRegen 0.25/turn                (no ring)
MPRegen 0.11/turn                (no ring)
                                 (no ring)
                                 (no ring)

@: very slightly contaminated
A: almost no armour, amphibious, 8 rings, camouflage 1, gelatinous body 1,
(nimble swimmer 1), tentacles
a: no special abilities


You were on level 4 of the Dungeon.
You visited 1 branch of the dungeon, and saw 4 of its levels.

You collected 130 gold pieces.
You spent 112 gold pieces at shops.

Inventory:

Hand Weapons
 f - a +0 dagger (weapon)
Missiles
 j - 5 curare-tipped darts (quivered)
Scrolls
 g - a scroll of identify
 i - 2 scrolls of amnesia
 l - a scroll of teleportation {unknown}
Potions
 b - a potion of berserk rage {unknown}
 c - a potion of degeneration {unknown}
 d - a potion of curing {unknown}
 e - a potion of lignification {unknown}
 h - a potion of mutation {unknown}
 k - a potion of heal wounds {unknown}


   Skills:
 + Level 1.0 Fighting
 + Level 1.0 Short Blades
 + Level 2.1 Dodging
 + Level 3.9 Stealth
 * Level 3.2 Spellcasting
 * Level 2.3 Conjurations
 + Level 4.2 Fire Magic


You had 4 spell levels left.
You knew the following spells:

 Your Spells              Type           Power      Damage    Failure   Level
a - Foxfire               Conj/Fire      64%        2x1d7     3%          1
b - Scorch                Fire           40%        2d7       3%          2
c - Inner Flame           Hex/Fire       11%        N/A       17%         3

Your spell library contained the following spells:

 Spells                   Type           Power      Damage    Failure   Level
 Kindle Blastsparks       Fire/Tloc/Air  16%        2d11      24%         3
 Flame Wave               Conj/Fire      16%        2d7       34%         4
 Ozocubu's Armour         Ice            3%         N/A       38%         3
 Metabolic Englaciation   Hex/Ice        1%         N/A       98%         5
 Simulacrum               Ice/Necr       1%         N/A       100%        6


Dungeon Overview and Level Annotations

Branches:
Dungeon (4/15)
 Temple: D:4-7

Altars:

Shops:
D:2 *

Annotations:
D:3 Grinder


Innate Abilities, Weirdness & Mutations

You cannot wear most types of armour.
You are amphibious.
You can wear up to eight rings at the same time.
Your skin changes colour to match your surroundings (Stealth+).
Your rubbery body absorbs attacks. (AC +1, EV +1)
((You are camouflaged when in or above water. (Stealth+)))
You have tentacles for arms and can constrict up to eight enemies at once.


Message History

* * * LOW HITPOINT WARNING * * *
Okay, then.
Okay, then.
Unknown command.
Unknown command.
Unknown command.
Okay, then.
Unknown command.
Casting: Scorch (safe; 3% risk of failure)
Confirm with . or Enter, or press ? or * to list all spells.
Flames lash the ball python.
You kill the ball python!
You hear a shout!
Magic courses through your body. The orc barely misses you.
Casting: Scorch (safe; 3% risk of failure)
Confirm with . or Enter, or press ? or * to list all spells.
You miscast Scorch.
You are very lightly contaminated with residual magic.
Nothing appears to happen.
The orc barely misses you.
A kobold comes into view. It is wielding a +0 whip.
Casting: Scorch (safe; 3% risk of failure)
Confirm with . or Enter, or press ? or * to list all spells.
Flames lash the orc.
The orc is lightly wounded.
The orc's fire resistance burns away.
The orc closely misses you.
The kobold throws a stone.
The stone hits you.
* * * LOW HITPOINT WARNING * * *
Casting: Scorch (safe; 3% risk of failure)
Confirm with . or Enter, or press ? or * to list all spells.
You miscast Scorch.
Nothing appears to happen.
The orc hits you with a +0 dagger.
* * * LOW HITPOINT WARNING * * *
The kobold throws a stone.
The stone closely misses you.
Unknown command.
Casting: Scorch (safe; 3% risk of failure)
Confirm with . or Enter, or press ? or * to list all spells.
Flames lash the orc.
The orc is burned terribly!
You kill the orc!
The kobold throws a stone.
The stone hits you.
You die...

..............
##.........K....
##................
...................
.................#
#..............##
#.†...........(
##)†.)........#
#.@##.......#
.......####......#
....... ##...(.#
....... ##.##.##
....... ####..#
....... #..#
....... ##o#
.....## #.## #..#


You could see a kobold.

Vanquished Creatures
  A jelly (D:4)
  7 adders
  6 gnolls
  3 dart slugs
  2 orcs (D:4)
  6 ball pythons
  9 endoplasms
  6 goblins
  4 hobgoblins (D:1)
  5 quokkas
  8 bats
  A frilled lizard (D:3)
  8 kobolds
  3 rats
69 creatures vanquished.

Vanquished Creatures (others)
  167 foxfires
167 creatures vanquished.

Grand Total: 236 creatures vanquished

Notes
Turn   | Place    | Note
-------+----------+-------------------------------------------
     0 | D:1      | Conn the Octopode Fire Elementalist began the quest for the
                  | Orb.
     0 | D:1      | Reached XP level 1. HP: 11/11 MP: 3/3
   117 | D:1      | Reached XP level 2. HP: 11/17 MP: 0/5
   203 | D:1      | Upgraded the game from 0.30-a0-912-ge10d75a369 to
                  | 0.30-a0-919-g9323dee000
   575 | D:1      | Reached XP level 3. HP: 21/21 MP: 3/6
   975 | D:1      | Found a faded altar of an unknown god.
  1062 | D:1      | Reached skill level 4 in Fire Magic
  1426 | D:2      | Reached XP level 4. HP: 27/27 MP: 5/7
  1833 | D:2      | Found Tunaorymn's General Store.
  1858 | D:2      | Bought 6 curare-tipped darts for 72 gold pieces
  1862 | D:2      | Bought a scroll of fear for 40 gold pieces
  1945 | D:2      | Learned a level 2 spell: Scorch
  1949 | D:2      | Learned a level 3 spell: Inner Flame
  2276 | D:3      | Reached XP level 5. HP: 26/32 MP: 3/9
  2286 | D:3      | Noticed Grinder
  2335 | D:4      | Reached skill level 1 in Short Blades
  2491 | D:4      | Reached skill level 1 in Fighting
  2581 | D:4      | Hit by a stone thrown by a kobold

Illustrated notes

Levels and vault maps discovered:
D:1:      dpeg_arrival_connections, layout_loops_ring,
          hellmonk_ecumenical_altar_prayer_group, minmay_pentomino_x2
D:2:      layout_basic, serial_shops, shop_coins, minmay_misc_feat_encased,
          hex_tiny
D:3:      corexii_shack_village, layout_rooms, minmay_misc_feat_more_columns,
          kennysheep_generic_room_7, uniq_grinder, uniq_sigmund
D:4:      layout_cave_pods

Skill      XL: |  1  2  3  4  5 |
---------------+----------------+-----
Fire Magic     | 4 |  4.2
Stealth        | 3 |  3.9
Short Blades   | 1 |  1.0
Conjurations   | 2 |  2.3
Spellcasting   | 3 |  3.2
Fighting       | 1 |  1.0
Dodging        | |  2.1

Action                     |  1- 3 |  4- 6 || total
---------------------------+-------+-------++-------
  Melee: Unarmed           |     9 |       ||     9
         Constrict         |     6 |     8 ||    14
         Tentacles         |     5 |     8 ||    13
         Dagger            |    10 |    37 ||    47
  Throw: Dart              |       |     1 ||     1
   Cast: Foxfire           |    54 |    46 ||   100
         Scorch            |       |     7 ||     7
    Use: Scroll            |       |     4 ||     4
         Potion            |       |     2 ||     2
   Stab: Sleeping          |     2 |     5 ||     7
 Armour: Skin              |     2 |     3 ||     5
  Dodge: Dodged            |    13 |    45 ||    58

Table legend: (Time is in decaauts)
 A = Elapsed time spent in this place.
 B = Non-inter-level travel time spent in this place.
 C = Inter-level travel time spent in this place.
 D = Time resting spent in this place.
 E = Time spent auto-exploring this place.
 F = Levels seen in this place.
 G = Mean time per level.
                   A        B        C        D        E       F      G
               +--------+--------+--------+--------+--------+-----+--------+
         Total |   2579 |   2485 |     94 |     96 |   1768 |   4 |  644.8 |
       Dungeon |   2579 |   2485 |     94 |     96 |   1768 |   4 |  644.8 |
               +--------+--------+--------+--------+--------+-----+--------+

Top non-repeatable levels by time:
     D:1: 1379 daAuts
     D:2: 876 daAuts
     D:4: 253 daAuts
     D:3: 69 daAuts
